 Dungeon Crawl Stone Soup version 0.20.1-1-g8b1a95d (webtiles) character file.

72 keltmir the Changer (level 4, 0/35 HPs)
             Began as a Draconian Transmuter on Oct 28, 2017.
             Slain by an ooze (3 damage)
             ... on level 3 of the Dungeon.
             The game lasted 00:07:38 (1462 turns).

keltmir the Changer (Draconian Transmuter)          Turns: 1462, Time: 00:07:39

Health: 0/35       AC:  5    Str: 13    XL:     4   Next: 6%
Magic:  1/7        EV: 12    Int: 14    God:
Gold:   90         SH:  0    Dex: 11    Spells: 3/7 levels left

rFire    . . .     SeeInvis .     - Unarmed
rCold    . . .     Gourm    .   (no shield)
rNeg     . . .     Faith    .   (armour unavailable)
rPois    .         Spirit   .   (helmet restricted)
rElec    .         Reflect  .   (no cloak)
rCorr    .         Harm     .   (no gloves)
MR       .....                  (no boots)
Stlth    +.........             (no amulet)
Regen    0.2/turn               (no ring)
MPRegen  0.1/turn               (no ring)

@: very slightly contaminated
A: unfitting armour, cold-blooded, AC +5
a: no special abilities


You were on level 3 of the Dungeon.
You were not hungry.

You visited 1 branch of the dungeon, and saw 3 of its levels.

You collected 90 gold pieces.

Inventory:

Missiles
 a - 12 arrows
 d - 8 tomahawks (quivered)
Scrolls
 i - a scroll of enchant armour
 j - a scroll of identify
 l - a scroll of recharging
 n - a scroll of fog {unknown}
Potions
 e - a potion of mutation {unknown}
 h - 2 potions of curing {unknown}
 k - a potion of heal wounds {unknown}
Books
 b - a book of Changes

   Spells                             Type                      Level
   a - Beastly Appendage              Transmutation                1
   b - Sticks to Snakes               Transmutation                2
   c - Spider Form                    Transmutation/Poison         3
   d - Ice Form                       Ice/Transmutation            4
   e - Blade Hands                    Transmutation                5
Comestibles
 c - 3 bread rations
 g - 4 meat rations


   Skills:
 - Level 1.1 Fighting
 - Level 1.8 Dodging
 - Level 3.3 Unarmed Combat
 - Level 2.1 Spellcasting
 + Level 4.0 Transmutations


You had 3 spell levels left.
You knew the following spells:

 Your Spells              Type           Power        Failure   Level  Hunger
a - Beastly Appendage     Tmut           ##....       4%          1    ##.....
b - Spider Form           Tmut/Pois      #.........   30%         3    ####...


Dungeon Overview and Level Annotations

Branches:
Dungeon (2/15)

Altars:
Vehumet

Annotations:
D:3 Frank's ghost, amateur OpFi; Ijyb; Sigmund


Innate Abilities, Weirdness & Mutations

Your plain brown scales are hard. (AC +5)
You cannot fit into any form of body armour.
You are cold-blooded and may be slowed by cold attacks.


Message History

* * * LOW HITPOINT WARNING * * *
Ijyb hits you but does no damage. Something hits you but does no damage.
As you read the scroll labeled MOHEVUMEIT, it crumbles to dust.
It is a scroll of recharging.
You aren't carrying any rechargeable items.
The ooze hits you but does no damage. Ijyb barely misses you.
The kobold closely misses you.
As you read the scroll labeled ESUSTO ATZEGHI, it crumbles to dust.
The dust glows brilliant green!
It was a scroll of random uselessness.
The ooze hits you but does no damage. Something hits you.
* * * LOW HITPOINT WARNING * * *
Ijyb hits you but does no damage. The kobold closely misses you.
Frank's ghost (amateur Octopode Fighter) comes into view.
The ooze hits you but does no damage. Ijyb barely misses you.
Something hits you.
* * * LOW HITPOINT WARNING * * *
Ijyb barely misses you.
Ijyb screams, "Level is mine!
All mine!"
The ooze hits you.
You die...

#.[...............#.###
#.........[...........###
#....(..........#.#.#...#
#.......!.......#........
#....$..........#........
##.#.###........#........
.....###?.......#........
#........................
........@................
......KJ##.#####.........
.......g##.###...........
......lr##..##.##........
.......W.................
..............#####.###.#
.......#####...##........
....... ..#..........#
....... ............#


You could see a phantom, Ijyb, an ooze, a kobold, a frilled lizard and a rat.

Vanquished Creatures
  2 adders (D:2)
  A worm (D:3)
  2 dart slugs (D:1)
  A leopard gecko (D:1)
  A giant cockroach (D:1)
  3 goblins
  8 hobgoblins
  5 jackals
  A quokka (D:2)
  3 bats
  6 frilled lizards
  6 kobolds
  7 rats
46 creatures vanquished.

Notes
Turn   | Place    | Note
-------+----------+-------------------------------------------
     0 | D:1      | keltmir the Draconian Transmuter began the quest for the Orb.
     0 | D:1      | Reached XP level 1. HP: 16/16 MP: 3/3
   108 | D:1      | Reached XP level 2. HP: 20/23 MP: 3/5
   358 | D:1      | Reached skill level 3 in Transmutations
   479 | D:1      | Reached XP level 3. HP: 28/28 MP: 6/6
   485 | D:1      | Learned a level 3 spell: Spider Form
   832 | D:2      | Found a radiant altar of Vehumet.
  1355 | D:2      | You fall through a shaft!
  1365 | D:3      | Reached XP level 4. HP: 35/35 MP: 0/7
  1373 | D:3      | Reached skill level 4 in Transmutations
  1420 | D:3      | Noticed Sigmund
  1421 | D:3      | Noticed a phantom
  1441 | D:3      | Noticed Ijyb
  1457 | D:3      | Noticed Frank's ghost (amateur OpFi)
  1462 | D:3      | Slain by an ooze

Skill      XL: |  1  2  3  4 |
---------------+-------------+-----
Transmutations | 3 4 |  4.0
Fighting       | |  1.1
Dodging        | |  1.8
Unarmed Combat | |  3.3
Spellcasting   | |  2.1

Action                   |  1- 3 |  4- 6 || total
-------------------------+-------+-------++-------
Melee: Unarmed           |   140 |     7 ||   147
       Tailslap          |    15 |     1 ||    16
       Kick              |     4 |       ||     4
       Headbutt          |     1 |       ||     1
       Punch             |     2 |       ||     2
 Cast: Beastly Appendage |     6 |       ||     6
       Spider Form       |     4 |     2 ||     6
  Use: Scroll            |       |     4 ||     4
 Stab: Sleeping          |     1 |       ||     1
  Eat: Bread ration      |     1 |       ||     1
       Chunk             |     1 |       ||     1
Armor: Skin              |    47 |     7 ||    54
Dodge: Dodged            |   103 |    14 ||   117
